Map: Lerilak Crest

Players

LilDicky - Winner!

  • Race: Terran Terran
  • League: Diamond

meeK

  • Race: Protoss Protoss
  • League: Diamond

VOD

http://www.twitch.tv/tumescentpie

Description

Time

  • Played on: Nov. 21, 2015, 10:03 p.m.
  • Length: 8:29
Show
View Real Time Build Order
Export as new Build Order

LilDicky Terran - Winner!

Build Orders: Banshee Rush 

Get SALT Encoding   

  12  0:02  SCV  
  13  0:14  SCV  
  13  0:18  Supply Depot  
  14  0:26  SCV  
  15  0:39  SCV  
  16  0:46  Barracks  
  16  0:50  Refinery  
  16  0:56  SCV  
  17  1:08  SCV  
  18  1:20  SCV  
  18  1:25  Supply Depot  
  19  1:33  SCV  
  19  1:39  Marine  
  21  1:45  SCV  
  22  1:57  SCV, Marine  
  24  2:14  Refinery  
  25  2:17  Orbital Command  
  25  2:20  Factory  
  23  2:25  Marine  
  24  2:39  Supply Depot  
  24  2:44  SCV  
  24  2:46  Marine  
  26  2:56  SCV  
  27  3:05  Factory Tech Lab  
  27  3:06  Starport  
  27  3:08  SCV  
  27  3:10  Supply Depot  
  29  3:20  SCV  
  30  3:28  Marine  
  30  3:32  SCV, Widow Mine  
  33  3:40  Supply Depot  
  33  3:45  SCV  
  33  3:47  Marine  
  35  3:52  Banshee, Cloaking Field  
  38  4:03  Command Center  
  38  4:05  Marine  
  38  4:06  Engineering Bay  
  39  4:10  Widow Mine  
  39  4:15  SCV  
  42  4:21  Supply Depot  
  42  4:22  Marine  
  43  4:33  SCV  
  44  4:41  Marine  
  43  4:46  Banshee  
  38  5:03  Widow Mine  
  38  5:06  Missile Turret  
  39  5:17  Orbital Command  
  36  5:24  SCV  
  37  5:29  Banshee, Marine  
  41  5:36  SCV  
  42  5:55  Widow Mine  
  42  6:00  Orbital Command  
  38  6:05  Supply Depot  
  38  6:22  Marine  
  38  6:24  Banshee  
  38  6:25  SCV  
  43  6:30  Starport  
  43  6:32  SCV  
  44  6:36  Refinery  
  44  6:37  SCV  
  45  6:40  Refinery, Missile Turret  
  45  6:49  SCV  
  45  6:50  SCV, Widow Mine  
  48  7:10  Orbital Command  
  48  7:14  Marine  
  41  7:38  SCV x2  
  41  7:39  Raven  
  45  7:44  Starport Reactor  
  45  7:47  Missile Turret  
  45  7:49  Missile Turret  
  45  7:50  Command Center  
  44  8:01  Missile Turret  
  44  8:06  SCV  
  44  8:10  SCV  
Show
View Real Time Build Order
Export as new Build Order

meeK Protoss 

Build Orders:  

Get SALT Encoding   

  12  0:01  Probe (Chrono Boost)  
  13  0:11  Probe (Chrono Boost)  
  14  0:23  Probe (Chrono Boost)  
  14  0:27  Pylon  
  15  0:45  Pylon  
  15  0:46  Probe (Chrono Boost)  
  16  1:03  Probe (Chrono Boost)  
  17  1:06  Gateway  
  17  1:13  Pylon  
  17  1:17  Probe (Chrono Boost)  
  18  1:22  Gateway  
  18  1:41  Assimilator  
  18  1:45  Assimilator  
  18  1:52  Probe (Chrono Boost)  
  19  2:09  Probe  
  19  2:15  Zealot (Chrono Boost)  
  22  2:19  Cybernetics Core  
  21  2:24  Probe  
  22  2:34  Probe  
  23  2:45  Probe  
  23  2:46  Nexus  
  24  3:02  Pylon  
  24  3:06  Pylon  
  24  3:18  Probe  
  25  3:20  Stargate  
  25  3:28  Warp Gate  
  25  3:30  Mothership Core  
  25  3:32  Pylon  
  27  3:50  Probe  
  28  4:02  Twilight Council  
  28  4:03  Oracle (Chrono Boost)  
  28  4:06  Probe  
  32  4:10  Gateway  
  32  4:13  Probe  
  33  4:19  Probe, Pylon  
  34  4:26  Probe  
  35  4:44  Probe  
  35  4:46  Probe  
  37  4:54  Probe  
  37  4:56  Oracle (Chrono Boost)  
  37  4:58  Probe  
  39  5:04  Dark Shrine  
  39  5:05  Probe  
  40  5:10  Probe  
  39  5:15  Probe  
  37  5:22  Probe  
  37  5:24  Pylon  
  38  5:44  Probe, Forge  
  38  5:45  Probe  
  40  5:54  Pylon  
  27  6:28  Dark Templar  
  28  6:50  Dark Templar  
  23  7:04  Photon Cannon  
  8  7:28  Probe  
  7  7:45  Dark Templar  
Tags
 
Add a new tag
Caveats
  • Supply blocks, unpowered buildings, or Contaminate may cause inaccurate times.
  • Supply counts are checked every 10 seconds.